 Dungeon Sprint DCSS version 0.29-a0-732-g3d7fbe0af2 (webtiles) character file.

Game seed: 5841658076009001029

562 Hipnos the Tainter (level 7, 0/54 HPs)
             Began as a Deep Elf Venom Mage on June 29, 2022.
             Slain by a water moccasin (3 damage)
             ... in the Dungeon (Sprint II: "The Violet Keep of Menkaure").
             The game lasted 00:05:19 (557 turns).

Hipnos the Tainter (Deep Elf Venom Mage)             Turns: 557, Time: 00:05:19

Health: 0/54       AC:  2    Str:  5    XL:     7   Next: 10%
Magic:  20/23      EV: 15    Int: 22    God:
Gold:   486        SH:  0    Dex: 15    Spells: 17/27 levels left

rFire   . . .      SeeInvis .   (no weapon)
rCold   . . .      Faith    .   (no shield)
rNeg    . . .      Spirit   .   a - +0 robe
rPois   .          Reflect  .   (no helmet)
rElec   .          Harm     .   (no cloak)
rCorr   .          Rampage  .   (no gloves)
Will    .....      NoTele   +   (no boots)
Stlth   ..........              (no amulet)
HPRegen 0.18/turn               (no ring)
MPRegen 0.18/turn               (no ring)

@: berserking (expiring), lethally poisoned (0 -> -8), very quick
A: no striking features
a: no special abilities


You were in the Dungeon.
You visited 1 branch You collected 486 gold pieces.

Inventory:

Armour
 a - a +0 robe (worn)
Scrolls
 g - a scroll of blinking
Potions
 b - 2 potions of magic
 c - a potion of curing
 e - a potion of haste


   Skills:
 + Level 6.6 Dodging
 + Level 5.6 Stealth
 + Level 10.5 Spellcasting
 + Level 0.5 Conjurations
 + Level 5.4 Transmutations
 + Level 1.7 Air Magic
 + Level 11.5 Poison Magic


You had 17 spell levels left.
You knew the following spells:

 Your Spells              Type           Power      Damage    Failure   Level
a - Sting                 Tmut/Pois      100%       1d8       1%          1
b - Poisonous Vapours     Pois/Air       80%        N/A       1%          2
c - Olgreb's Toxic Radia  Pois           58%        N/A       1%          4
d - Mephitic Cloud        Conj/Pois/Air  32%        N/A       2%          3

Your spell library contained the following spells:

 Spells                   Type           Power      Damage    Failure   Level


Dungeon Overview and Level Annotations

Branches:
Dungeon (1/1)

Altars:

Shops:
D ?=:!:[!=([[*=[[

Annotations:
D exclusion: oklob plant


Message History

A slime creature merges with something you can't see.
You closely miss the water moccasin.
The water moccasin is moderately wounded.
You feel very sick. The water moccasin bites you.
You are more poisoned.
The water moccasin poisons you!
You punch the water moccasin!
The water moccasin is heavily wounded.
You feel very sick. The water moccasin closely misses you.
You closely miss the water moccasin.
The water moccasin is heavily wounded.
You feel very sick.
The water moccasin bites you but does no damage.
You barely miss the water moccasin.
The water moccasin is heavily wounded.
You feel very sick. The water moccasin closely misses you.
You closely miss the water moccasin.
The water moccasin is heavily wounded.
You feel very sick. The water moccasin bites you!
* * * LOW HITPOINT WARNING * * *
You barely miss the water moccasin.
The water moccasin is heavily wounded.
* * * LOW HITPOINT WARNING * * *
You feel sick.
A slime creature merges with something you can't see.
You are too berserk!
You hit the water moccasin.
The water moccasin is severely wounded.
* * * LOW HITPOINT WARNING * * *
You feel sick. The water moccasin bites you.
* * * LOW HITPOINT WARNING * * *
You closely miss the water moccasin.
The water moccasin is severely wounded.
* * * LOW HITPOINT WARNING * * *
You feel sick. The water moccasin bites you.
You die...

############≈≈#++
###########≈≈≈...
##........#≈≈≈≈.## ##
##....⌠...#≈≈≈≈##. .##
##...∩.∩..#≈≈≈≈#..#..#
##..∩.∩.∩.#≈≈####...# ##
##.∩.∩...∩#≈##.###'###M#
##∩.∩...∩.#≈#...##.##†.##.
##.∩.....@S≈'##.'.<.+##$'.
##∩.......#≈#.####.##..#
#▓▓▓▓▓▓▓###≈##.# #+###.#
##!YY######≈≈### .#$ ##
#)$Y#HH ##≈≈≈ .B B.
#∩P!+H.#+ +#≈##. .##
#?$.#?##≈ ≈≈## ##
#(..###≈≈ ≈≈ ##+###≈≈≈


You could see an oklob plant, 3 yaks and a water moccasin.

Vanquished Creatures
  A merfolk siren (D)
  4 scorpions (D)
  3 worms (D)
8 creatures vanquished.

Vanquished Creatures (others)
  Menkaure (D)
1 creature vanquished.

Grand Total: 9 creatures vanquished

Notes
Turn   | Place    | Note
-------+----------+-------------------------------------------
     0 | D        | Hipnos the Deep Elf Venom Mage began the quest for the Orb.
     0 | D        | Reached XP level 1. HP: 10/10 MP: 6/6
     1 | D        | Noticed a scorpion
     1 | D        | Noticed a scorpion
     1 | D        | Noticed a scorpion
     1 | D        | Noticed a scorpion
     7 | D        | Killed a scorpion
     8 | D        | Reached skill level 5 in Spellcasting
     8 | D        | Reached skill level 6 in Poison Magic
     8 | D        | Reached XP level 2. HP: 9/15 MP: 0/10
     8 | D        | Reached XP level 3. HP: 11/19 MP: 0/11
     8 | D        | Killed a scorpion
     9 | D        | Reached skill level 7 in Poison Magic
     9 | D        | Reached XP level 4. HP: 15/24 MP: 11/14
    11 | D        | Killed a scorpion
    12 | D        | Reached skill level 5 in Dodging
    12 | D        | Reached skill level 9 in Poison Magic
    12 | D        | Reached XP level 5. HP: 10/28 MP: 9/16
   204 | D        | Noticed Menkaure
   211 | D        | Learned a level 2 spell: Poisonous Vapours
   216 | D        | Learned a level 4 spell: Olgreb's Toxic Radiance
   220 | D        | Learned a level 3 spell: Mephitic Cloud
   220 | D        | Killed Menkaure
   222 | D        | Noticed a merfolk siren
   237 | D        | Killed a merfolk siren
   238 | D        | Reached skill level 5 in Stealth
   238 | D        | Reached skill level 10 in Spellcasting
   238 | D        | Reached skill level 5 in Transmutations
   238 | D        | Reached skill level 1 in Air Magic
   238 | D        | Reached skill level 11 in Poison Magic
   238 | D        | Reached XP level 6. HP: 17/32 MP: 4/21
   238 | D        | Reached XP level 7. HP: 19/36 MP: 4/23
   352 | D        | Noticed a boulder beetle
   352 | D        | Noticed a boulder beetle
   437 | D        | Found Jidiyrid's Jewellery Shoppe.
   437 | D        | Found Xoezuann's Antique Armour Shoppe.
   437 | D        | Found Anadaepne's Antique Weapon Shoppe.
   437 | D        | Found Puyp's General Store.
   437 | D        | Found Defe's Antique Armour Shoppe.
   437 | D        | Found Xioko's Armour Shoppe.
   437 | D        | Found Birchago's Jewellery Emporium.
   495 | D        | Found Atelux's Distillery.
   495 | D        | Found Tauk Sib's Antique Armour Emporium.
   495 | D        | Noticed a yak
   496 | D        | Found Nudeideo's Antique Armour Emporium.
   496 | D        | Noticed a yak
   496 | D        | Noticed a yak
   497 | D        | Found Puetwed's Book Shoppe.
   497 | D        | Found Sohic's Distillery.
   497 | D        | Noticed an oklob plant
   499 | D        | Noticed a slime creature
   501 | D        | Noticed a slime creature
   505 | D        | Found Rixzo's Jewellery Shoppe.
   505 | D        | Found Saquna's Magic Scroll Emporium.
   505 | D        | Found Wevebu's Book Shoppe.
   507 | D        | Noticed a slime creature
   526 | D        | Noticed a manticore
   527 | D        | Noticed a manticore
   527 | D        | Noticed a manticore
   557 | D        | Slain by a water moccasin

Illustrated notes

Levels and vault maps discovered:
D:        the_violet_keep_of_menkaure [sprint2_stairs_cluster_1,
          sprint2_shoproom, sprint2_temple, sprint2_basic_supplies,
          sprint2_obstacle_6, sprint2_obstacle_3, sprint2_obstacle_4,
          sprint2_obstacle_5, sprint2_obstacle_2, sprint2_timed_cluster_1,
          sprint2_smallroom_cluster_1, sprint2_smallroom_final_cluster_1,
          sprint2_transparent_cluster_1, sprint2_second_timed_cluster_1,
          sprint2_sniper_area_1, sprint2_heavy_combat_area_1,
          sprint2_mutation_trap_area_1, sprint2_forest_area_1,
          sprint2_light_combat_area_1, sprint2_behind_water_1,
          sprint2_near_end_vault_1]

Skill      XL: |  1  2  3  4  5 |
---------------+----------------+-----
Dodging        | 3 4 5 6 |  6.6
Stealth        | 3 4 5 |  5.6
Spellcasting   | 5 6 7 10 | 10.5
Transmutations | 2 3 5 |  5.4
Poison Magic   | 6 7 9 11 | 11.5
Air Magic      | 1 |  1.7
Conjurations   | |  0.5

Action                   |  1- 3 |  4- 6 |  7- 9 || total
-------------------------+-------+-------+-------++-------
Melee: Unarmed           |       |       |    14 ||    14
 Cast: Sting             |     5 |     8 |    11 ||    24
       Poisonous Vapours |       |     3 |       ||     3
       Mephitic Cloud    |       |     1 |       ||     1
       Olgreb's Toxic Ra |       |       |     4 ||     4
  Use: Potion            |     1 |     1 |     1 ||     3
Armor: Robe              |       |     1 |     1 ||     2
Dodge: Dodged            |     4 |     2 |    10 ||    16

Table legend: (Time is in decaauts)
 A = Elapsed time spent in this place.
 B = Non-inter-level travel time spent in this place.
 C = Inter-level travel time spent in this place.
 D = Time resting spent in this place.
 E = Time spent auto-exploring this place.
 F = Levels seen in this place.
 G = Mean time per level.
                   A        B        C        D        E       F      G
               +--------+--------+--------+--------+--------+-----+--------+
         Total |    553 |    553 |      0 |    415 |      0 |   1 |  553.0 |
       Dungeon |    553 |    553 |      0 |    415 |      0 |   1 |  553.0 |
               +--------+--------+--------+--------+--------+-----+--------+

Top non-repeatable levels by time:
       D: 553 daAuts
